 Dungeon Crawl Stone Soup version 0.17.1-3-g152610e (webtiles) character file.

84 jacquesderrida the Caller (level 4, 0/30 HPs)
             Began as a Demonspawn Summoner on Apr 28, 2016.
             Killed by nerve-wracking pain
             ... invoked by a shadow imp
              (9 damage)
             ... on level 5 of the Dungeon.
             The game lasted 00:06:15 (923 turns).

jacquesderrida the Caller (Demonspawn Summoner)      Turns: 923, Time: 00:06:15

Health: 0/30       AC:  9    Str:  8      XL:     4   Next: 24%
Magic:  1/6        EV: 12    Int: 18      God:
Gold:   45         SH:  0    Dex: 12 (13) Spells: 3 memorised, 1 level left

rFire  . . .     SeeInvis .     n - +2 flail (protect)
rCold  . . .     Clarity  .     a - +0 robe
rNeg   . . .     SustAt   .     (no shield)
rPois  .         Gourm    .     (helmet restricted)
rElec  .         Spirit   .     p - +0 cloak
rCorr  .         Warding  .     (no gloves)
rMut   .         Stasis   .     q - +0 pair of boots
MR     .....                    (no amulet)
Stlth  ++........               (no ring)
                                (no ring)

@: very slightly contaminated, not resistant to hostile enchantments, unstealthy
A: antennae 2, demonic guardian 1, low mp 1, evolution 1
a: no special abilities


You were on level 5 of the Dungeon.
You were hungry.

You visited 1 branch of the dungeon, and saw 5 of its levels.

You collected 103 gold pieces.
You spent 58 gold pieces at shops.

Inventory:

Hand Weapons
 k - a +0 falchion
 n - a +2 flail of protection (weapon)
Armour
 a - a +0 robe (worn)
 p - a +0 cloak (worn)
 q - a +0 pair of boots (worn)
Jewellery
 j - an uncursed amulet of warding
 t - an uncursed amulet of resist mutation
Wands
 o - a wand of invisibility (5)
Scrolls
 e - a scroll of amnesia {unknown}
 l - a scroll of teleportation {unknown}
 s - a scroll of enchant armour {unknown}
Potions
 d - a potion of degeneration
 r - a potion of invisibility
 u - a potion of brilliance
Books
 b - a book of Callings

   Spells                             Type                      Level
   a - Summon Small Mammal            Summoning                    1
   b - Call Imp                       Summoning                    2
   c - Call Canine Familiar           Summoning                    3
   d - Summon Guardian Golem          Hexes/Summoning              3
   e - Summon Lightning Spire         Summoning/Air                4
   f - Summon Ice Beast               Ice/Summoning                4
 m - an Akashic Record

   Spells                             Type                      Level
   a - Dispersal                      Translocation                6
   b - Malign Gateway                 Summoning/Translocation      7
   c - Disjunction                    Translocation                8
   d - Controlled Blink               Translocation                8
Comestibles
 c - 2 bread rations
 f - a slice of pizza


   Skills:
 - Level 1.7 Dodging
 - Level 1.7 Stealth
 - Level 2.0 Spellcasting
 + Level 5.8 Summonings


You had one spell level left.
You knew the following spells:

 Your Spells              Type           Power        Failure   Level  Hunger
a - Summon Small Mammal   Summ           ###.         1%          1    #......
b - Call Imp              Summ           ###.....     2%          2    ###....
c - Call Canine Familiar  Summ           ###.....     6%          3    ###....


Dungeon Overview and Level Annotations

Branches:
Dungeon (5/15)
 Temple: D:4-7

Altars:
Cheibriados
Dithmenos
Makhleb
Okawaru
Vehumet

Shops:
D:4 *


Innate Abilities, Weirdness & Mutations

You have a pair of antennae on your head.
A weak demonic guardian rushes to your aid.
Your magical capacity is low (-10% MP).
You evolve.


Message History

The shadow imp gestures at you. Pain shoots through your body!
You closely miss the shadow imp.
The shadow imp is almost dead.
The shadow imp hits you.
* * * LOW HITPOINT WARNING * * *
Unknown command.
You barely miss the shadow imp.
The shadow imp is almost dead.
You are feeling hungry.
The shadow imp hits you.
* * * LOW HITPOINT WARNING * * *
The shadow imp barely misses you.
Unknown command.
Drink which item? (? for menu, Esc to quit)
You feel better.
You flicker back into view.
The shadow imp gestures at you. Pain shoots through your body!
You die...

#.......... .
.....(...#
....####..... ..
............# .#
..............##.#####
#......##............#
#......##....##†...#
#...........Z.5..:.#
#.....#..#####@...#
#.....#..## ###....$.
###....{#...# #.#..
#...[...h.#.# ..
#.#....5###.#. ##
.....)####....
.#.#.........#
.._.....<.....
.#.#..<.......#


You could see a shadow imp and a centaur skeleton.

Vanquished Creatures
  A quasit (D:5)
  An adder (D:3)
  A giant newt (D:4)
3 creatures vanquished.

Vanquished Creatures (collateral kills)
  Terence (D:2)
  A worker ant (D:5)
  4 adders
  An orc (D:3)
  2 goblins
  3 hobgoblins
  2 kobolds (D:2)
  2 quokkas (D:2)
  2 giant newts (D:2)
  A rat (D:3)
19 creatures vanquished.

Grand Total: 22 creatures vanquished

Notes
Turn   | Place    | Note
--------------------------------------------------------------
     0 | D:1      | jacquesderrida the Demonspawn Summoner began the quest for the Orb.
     0 | D:1      | Reached XP level 1. HP: 13/13 MP: 3/3
   119 | D:2      | Found a burning altar of Makhleb.
   185 | D:2      | Gained mutation: You have a pair of small antennae on your head. [demonic ancestry]
   185 | D:2      | Reached XP level 2. HP: 11/19 MP: 1/5
   247 | D:2      | Learned a level 2 spell: Call Imp
   281 | D:2      | Noticed Terence
   298 | D:2      | Killed Terence
   318 | D:2      | Found a snail-covered altar of Cheibriados.
   389 | D:2      | Reached skill level 5 in Summonings
   389 | D:2      | Gained mutation: You have a pair of antennae on your head. [demonic ancestry]
   389 | D:2      | Reached XP level 3. HP: 3/24 MP: 1/6
   403 | D:2      | Learned a level 3 spell: Call Canine Familiar
   739 | D:4      | Found a shadowy altar of Dithmenos.
   763 | D:4      | Found a radiant altar of Vehumet.
   822 | D:4      | Found Lerch's Assorted Antiques.
   830 | D:4      | Bought a scroll labeled HEIBLIRISU for 29 gold pieces
   830 | D:4      | Bought a scroll labeled HEIBLIRISU for 29 gold pieces
   838 | D:4      | Gained mutation: You evolve. [potion of mutation]
   838 | D:4      | Gained mutation: Your magical capacity is low (-10% MP). [potion of mutation]
   893 | D:5      | Entered Level 5 of the Dungeon
   893 | D:5      | Found an iron altar of Okawaru.
   913 | D:5      | Gained mutation: A weak demonic guardian rushes to your aid. [demonic ancestry]
   913 | D:5      | Reached XP level 4. HP: 28/30 MP: 3/6
   923 | D:5      | Killed from afar by a shadow imp

Action                   |  1- 3 |  4- 6 || total
-------------------------+-------+-------++-------
Melee: Falchion          |     2 |       ||     2
       Flail             |    11 |     7 ||    18
 Cast: Summon Small Mamm |    10 |       ||    10
       Call Imp          |     7 |       ||     7
       Call Canine Famil |     5 |       ||     5
Evoke: Wand              |     1 |       ||     1
  Use: Potion            |     3 |     1 ||     4
       Scroll            |     4 |       ||     4
 Stab: Invisible         |     1 |       ||     1
  Eat: Chunk             |     1 |       ||     1
